Map: Orbital Shipyard

Players

Miszu - Winner!

  • Race: Terran Terran
  • League: Grandmaster

FeaR

  • Race: Protoss Protoss
  • League: Grandmaster

VOD

Have the link to the VOD?

Description

Time

  • Played on: Feb. 10, 2016, noon
  • Length: 10:36
Show
View Real Time Build Order
Export as new Build Order

Miszu Terran - Winner!

Build Orders: Command Center First (CC), MMM Bio 

Get SALT Encoding   

  12  0:02  SCV  
  13  0:15  SCV  
  13  0:18  Supply Depot  
  14  0:27  SCV  
  15  0:40  SCV  
  16  0:52  SCV  
  17  1:00  Command Center  
  17  1:04  SCV  
  18  1:16  SCV  
  18  1:17  Barracks  
  19  1:28  SCV  
  20  1:38  Barracks  
  20  1:40  SCV  
  20  1:43  Barracks  
  21  1:52  SCV  
  22  2:06  Marine, Orbital Command  
  23  2:14  Orbital Command  
  23  2:24  Marine  
  23  2:25  Marine  
  25  2:31  SCV  
  25  2:32  Marine  
  25  2:36  Refinery x2  
  27  2:40  SCV  
  27  2:42  Marine  
  27  2:43  Marine, SCV  
  31  2:52  Supply Depot, SCV  
  31  2:53  Marine  
  31  2:56  SCV  
  34  3:05  Marine, Barracks Tech Lab, SCV  
  36  3:08  SCV  
  37  3:13  Supply Depot  
  37  3:14  Marine  
  37  3:17  SCV  
  39  3:20  SCV  
  39  3:23  Marine  
  41  3:28  Marine  
  41  3:29  SCV, Stimpack  
  41  3:31  Marine  
  41  3:32  SCV  
  45  3:36  Supply Depot  
  45  3:41  SCV  
  46  3:42  Marine  
  46  3:44  Factory, SCV  
  46  3:46  Marine  
  49  3:52  Marine  
  49  3:53  SCV  
  51  3:56  SCV  
  51  4:00  Marine  
  53  4:04  Marine  
  53  4:05  Supply Depot, SCV  
  53  4:08  SCV  
  53  4:09  Refinery, Marine  
  56  4:10  Engineering Bay  
  57  4:18  Marine, SCV  
  57  4:22  Marine  
  59  4:27  Marine  
  59  4:36  Marine  
  57  4:41  Marine  
  57  4:45  Marine  
  57  4:52  Starport, Factory Reactor  
  55  4:54  Marine  
  55  4:58  Marine  
  57  5:03  Marine  
  57  5:06  SCV x2  
  57  5:12  Marine  
  57  5:16  Marine  
  57  5:18  SCV x2  
  57  5:21  Marine  
  61  5:24  Liberator  
  61  5:26  Supply Depot  
  61  5:29  Marine  
  61  5:30  Liberator  
  61  5:34  Marine  
  63  5:35  SCV  
  63  5:36  SCV  
  63  5:38  Supply Depot, Marine  
  69  5:47  Marine  
  74  5:50  Supply Depot, SCV  
  74  5:52  Marine  
  74  5:54  Missile Turret  
  74  5:56  Marine  
  76  6:02  Supply Depot  
  76  6:05  Marine  
  76  6:10  Marine  
  71  6:14  Marine  
  65  6:20  SCV x2  
  65  6:23  Marine  
  68  6:28  Marine  
  68  6:32  Marine, SCV  
  71  6:36  Medivac x2  
  73  6:41  Marine  
  73  6:43  SCV  
  73  6:44  SCV  
  73  6:45  Marine  
  69  6:50  Marine  
  70  6:55  SCV  
  70  6:56  Combat Shields  
  70  6:57  SCV  
  70  6:58  Marine  
  73  7:04  Marauder  
  73  7:07  Marine, SCV  
  77  7:09  SCV  
  77  7:12  Terran Infantry Weapons Level 1  
  78  7:16  Marine  
  78  7:19  SCV  
  78  7:20  Medivac x2, Command Center  
  78  7:21  SCV  
  85  7:25  Marine  
  85  7:26  Supply Depot  
  86  7:32  Liberator  
  86  7:35  Marine  
  86  7:47  Marine, SCV x2  
  86  7:48  Marauder  
  94  7:54  Marine  
  92  7:59  SCV x2  
  92  8:02  Supply Depot  
  92  8:03  Barracks  
  92  8:04  Supply Depot  
  92  8:05  Marine  
  95  8:09  Marauder, Barracks, Liberator  
  95  8:11  SCV x2  
  99  8:13  Marine  
  99  8:15  Liberator, Concussive Shells  
  100  8:23  Marine  
  100  8:24  SCV x2  
  106  8:30  Refinery, Marauder, Marine  
  106  8:33  Supply Depot  
  106  8:34  Supply Depot  
  112  8:36  SCV, Orbital Command  
  112  8:40  Marine  
  112  8:41  SCV  
  115  8:48  Marine, SCV  
  116  8:50  Marine  
  116  8:52  Marauder, Liberator  
  116  8:53  SCV  
  116  8:54  Orbital Command  
  121  8:56  Marine  
  121  8:58  Marine  
  121  9:00  SCV  
  121  9:01  Supply Depot  
  121  9:02  Supply Depot  
  124  9:06  Marine  
  124  9:08  Marine  
  129  9:13  Marauder  
  129  9:14  Marine  
  129  9:16  Marine  
  133  9:19  SCV x2  
  133  9:20  SCV  
  136  9:24  Marine  
  136  9:31  SCV  
  136  9:32  SCV x2  
  136  9:34  Marauder  
  136  9:38  Marine  
  142  9:39  Marine  
  142  9:41  Marine  
  142  9:42  Marine  
  142  9:43  SCV  
  146  9:45  Barracks x2  
  146  9:46  Refinery, Barracks  
  146  9:48  Refinery  
  146  9:56  Marauder  
  147  10:11  Marine  
  146  10:15  Marine  
  146  10:16  Marine x2  
Show
View Real Time Build Order
Export as new Build Order

FeaR Protoss 

Build Orders: 1 Gate Expand, Mass Adepts 

Get SALT Encoding   

  12  0:03  Probe (Chrono Boost)  
  13  0:13  Probe (Chrono Boost)  
  14  0:21  Pylon  
  14  0:24  Probe (Chrono Boost)  
  15  0:39  Gateway  
  15  0:40  Probe (Chrono Boost)  
  16  0:43  Assimilator  
  16  0:50  Probe (Chrono Boost)  
  17  1:01  Probe (Chrono Boost)  
  19  1:11  Probe (Chrono Boost)  
  19  1:23  Nexus  
  19  1:24  Probe (Chrono Boost)  
  20  1:34  Cybernetics Core  
  20  1:36  Probe (Chrono Boost)  
  21  1:42  Assimilator  
  22  1:47  Probe (Chrono Boost)  
  22  1:51  Pylon  
  22  1:57  Probe (Chrono Boost)  
  23  2:09  Probe (Chrono Boost)  
  23  2:10  Pylon  
  23  2:11  Adept (Chrono Boost)  
  23  2:13  Warp Gate (Chrono Boost)  
  26  2:21  Probe  
  27  2:30  Robotics Facility  
  27  2:37  Probe  
  27  2:39  Probe  
  27  2:41  Adept  
  31  2:48  Probe  
  32  2:55  Gateway  
  32  3:02  Gateway  
  32  3:04  Probe  
  32  3:05  Probe  
  34  3:15  Probe  
  34  3:16  Probe  
  36  3:31  Warp Prism (Chrono Boost)  
  37  3:37  Gateway  
  37  3:38  Gateway  
  36  3:41  Gateway  
  36  3:50  Pylon  
  36  3:51  Probe  
  36  3:52  Probe  
  39  4:03  Observer (Chrono Boost)  
  39  4:05  Adept x3  
  39  4:06  Probe  
  39  4:08  Probe  
  49  4:25  Adept  
  49  4:26  Adept x2  
  47  4:40  Probe  
  47  4:41  Probe  
  47  4:43  Adept x2  
  47  4:44  Adept  
  55  4:48  Adept x3, Warp Prism (Chrono Boost)  
  55  4:49  Adept  
  55  4:50  Probe  
  58  4:53  Probe  
  55  5:00  Adept x2  
  55  5:04  Pylon  
  59  5:10  Adept x2  
  59  5:11  Adept  
  61  5:15  Pylon  
  61  5:23  Immortal (Chrono Boost)  
  63  5:36  Pylon  
  63  5:37  Adept x3, Sentry x2  
  63  5:38  Adept  
  79  5:57  Immortal (Chrono Boost)  
  79  6:07  Adept x3  
  85  6:12  Pylon  
  85  6:15  Pylon  
  85  6:17  Adept x2  
  85  6:18  Adept, Pylon  
  68  6:43  Warp Prism (Chrono Boost)  
  52  6:47  Assimilator  
  52  6:48  Adept  
  52  6:49  Adept x3  
  52  6:51  Adept  
  52  6:52  Assimilator  
  52  6:53  Adept  
  62  6:55  Twilight Council  
  62  7:08  Probe  
  62  7:09  Probe  
  64  7:16  Adept  
  64  7:17  Adept x2  
  64  7:18  Adept, Probe  
  64  7:21  Stalker x2, Probe  
  78  7:29  Probe  
  74  7:40  Stalker x3  
  74  7:43  Stalker  
  76  7:57  Probe x2  
  76  8:02  Stalker  
  78  8:06  Stalker  
  80  8:22  Templar Archives  
  80  8:31  Charge (Chrono Boost), Zealot  
  80  8:32  Zealot x4  
  90  8:45  Observer  
  90  8:48  Psionic Storm  
  91  8:56  Nexus  
  91  9:05  High Templar  
  93  9:10  Zealot x2  
  97  9:18  High Templar  
  99  9:36  Stalker x3  
  93  10:11  Observer, Zealot x6  
Tags
 
Add a new tag
Caveats
  • Supply blocks, unpowered buildings, or Contaminate may cause inaccurate times.
  • Supply counts are checked every 10 seconds.